 Dungeon Crawl Stone Soup version 0.29.0-3-gbb0933ed62 (webtiles) character file.

Game seed: 17005395120907902355

24 gelatine the Trooper (level 2, -1/24 HPs)
             Began as a Demonspawn Abyssal Knight on Aug 25, 2022.
             Was a Priest of Lugonu.
             Slain by a quokka (2 damage)
             ... on level 2 of the Dungeon.
             The game lasted 00:02:29 (375 turns).

gelatine the Trooper (Demonspawn Abyssal Knight)     Turns: 375, Time: 00:02:30

Health: -1/24      AC:  3    Str: 13    XL:     2   Next: 79%
Magic:  3/3        EV: 11    Int: 11    God:    Lugonu [***...]
Gold:   68         SH:  0    Dex: 13    Spells: 1/1 levels left

rFire   . . .      SeeInvis .   a - +1 hand axe
rCold   . . .      Faith    .   (no shield)
rNeg    . . .      Spirit   .   b - +0 leather armour
rPois   .          Reflect  .   (no helmet)
rElec   .          Harm     .   (no cloak)
rCorr   .          Rampage  .   (no gloves)
Will    .....                   (no boots)
Stlth   +.........              (no amulet)
HPRegen 0.08/turn               (no ring)
MPRegen 0.08/turn               (no ring)

@: no status effects
A: demonic magic 1
a: Renounce Religion, Depart the Abyss, Bend Space, Banish


You were on level 2 of the Dungeon.
You worshipped Lugonu.
Lugonu was most pleased with you.
You visited 1 branch of the dungeon, and saw 2 of its levels.
You visited the Abyss 1 time.

You collected 68 gold pieces.

Inventory:

Hand Weapons
 a - a +1 hand axe (weapon)
 g - a +0 short sword of flaming
Missiles
 c - 5 boomerangs
 f - 5 poisoned darts (quivered)
Armour
 b - a +0 leather armour (worn)
Scrolls
 d - a scroll of amnesia {unknown}
 e - a scroll of brand weapon {unknown}


   Skills:
 + Level 3.5 Fighting
 + Level 2.0 Axes
 + Level 2.1 Armour
 + Level 0.8 Dodging
 + Level 0.4 Stealth
 + Level 2.6 Invocations


You had one spell level left.
You didn't know any spells.
Your spell library was empty.

Dungeon Overview and Level Annotations

Branches:
Dungeon (2/15)

Altars:


Innate Abilities, Weirdness & Mutations

Spells you cast may paralyse adjacent enemies.


Message History

The kobold hits you from afar with a +0 spear.
You completely miss the frilled lizard. The kobold hits you but does no damage.
The frilled lizard bites you.
You hit the frilled lizard.
You kill the frilled lizard!
Lugonu accepts your kill. The kobold closely misses you.
You closely miss the frilled lizard. The frilled lizard misses you.
The kobold hits you but does no damage.
The frilled lizard bites you but does no damage.
The kobold hits you from afar with a +0 spear.
* * * LOW HITPOINT WARNING * * *
You hit the frilled lizard.
You kill the frilled lizard!
Lugonu accepts your kill.
You can now banish your foes.
The kobold hits you from afar with a +0 spear.
* * * LOW HITPOINT WARNING * * *
You don't have enough health at the moment.
You aren't carrying any potions.
There is a stone staircase leading down here.
You can't go up here!
The endoplasm closely misses you.
You climb downwards.
Found 11 gold pieces.
There is a stone staircase leading up here.
The endoplasm barely misses you.
Found a sedimented pink potion.
You barely miss the endoplasm. The endoplasm misses you.
You hit the endoplasm.
The endoplasm is heavily wounded.
The endoplasm hits you but does no damage.
You hit the endoplasm but do no damage.
The endoplasm is heavily wounded.
The endoplasm closely misses you. The quokka bites you.
* * * LOW HITPOINT WARNING * * *
You hit the endoplasm.
You kill the endoplasm!
Lugonu accepts your kill.
You barely miss the quokka. The quokka bites you.
You die...

##+####..... #
#..........#
#.#.#..........+
....#..........#
#.....$<.......+
##.#...........#
#.#....######
#...r.## #####@#
........#
######..# #..#
#..# #..# #!.#
#...


You could see a quokka.

Vanquished Creatures
  2 bats (D:1)
  An endoplasm (D:2)
  5 goblins (D:1)
  2 hobgoblins (D:1)
  3 jackals (D:1)
  A quokka (D:1)
  2 ball pythons (D:1)
  4 frilled lizards (D:1)
  2 kobolds (D:1)
  A rat (D:1)
23 creatures vanquished.

Notes
Turn   | Place    | Note
-------+----------+-------------------------------------------
     0 | Abyss:1  | gelatine the Demonspawn Abyssal Knight began the quest for
                  | the Orb.
     0 | Abyss:1  | Reached XP level 1. HP: 18/18 MP: 2/2
     3 | D:1      | Escaped the Abyss
   130 | D:1      | Gained mutation: Spells you cast may paralyse adjacent
                  | enemies. [demonic ancestry]
   130 | D:1      | Reached XP level 2. HP: 14/24 MP: 3/3
   359 | D:1      | Reached *** piety under Lugonu
   374 | D:2      | HP: 1/24 [quokka (3)]
   375 | D:2      | Slain by a quokka

Illustrated notes

Levels and vault maps discovered:
D:1:      lightli_arrival_isolated_outpost, layout_basic,
          dreamdust_ecumenical_altar_hidden_monk_grotto, solitary_fountain
D:2:      layout_basic, serial_shops, nicolae_shop_statue_plus, uniq_robin

Skill      XL: |  1  2 |
---------------+-------+-----
Armour         | 2 |  2.1
Axes           | 2 |  2.0
Fighting       | |  3.5
Dodging        | |  0.8
Stealth        | |  0.4
Invocations    | |  2.6

Action                   || total
-------------------------++-------
Melee: Hand axe          ||    63
       Punch             ||     1
Throw: Dart              ||     1
Armor: Leather armour    ||    27
Dodge: Dodged            ||    55
